 Dungeon Crawl Stone Soup version 0.26-a0-971-g1d9d62bb61 (webtiles) character file.

Game seed: 973475517703179978

16664 jiml777 the Thaumaturge (level 12, -7/59 HPs)
             Began as a Deep Elf Air Elementalist on Dec 4, 2020.
             Was an Elder of Sif Muna.
             Killed from afar by a steam dragon (25 damage)
             ... with a ball of steam
             ... on level 2 of the Lair of Beasts.
             The game lasted 01:45:47 (14132 turns).

jiml777 the Thaumaturge (DEAE)                     Turns: 14132, Time: 01:45:47

Health: -7/59      AC: 12    Str:  5    XL:     12   Next: 12%
Magic:  14/40      EV: 13    Int: 32    God:    Sif Muna [****..]
Gold:   557        SH:  0    Dex: 15    Spells: 14/37 levels left

rFire    . . .     SeeInvis .   h - +5 short sword (vorpal)
rCold    . . .     Faith    +   (no shield)
rNeg     . . .     Spirit   .   a - +0 robe
rPois    +         Reflect  .   w - +1 hat
rElec    .         Harm     .   F - +2 cloak {rPois}
rCorr    .         Rampage  .   j - +2 pair of gloves
MR       +....                  b - +2 pair of boots
Stlth    ++........             C - amulet of faith
HPRegen  0.19/turn              s - +6 ring of intelligence
MPRegen  0.27/turn              p - ring of magical power

@: no status effects
A: no striking features
a: Channel Magic, Forget Spell, Divine Exegesis, Renounce Religion


You were on level 2 of the Lair of Beasts.
You worshipped Sif Muna.
Sif Muna was greatly pleased with you.
You visited 3 branches of the dungeon, and saw 14 of its levels.
You also visited: Sewer.

You collected 774 gold pieces.
You spent 217 gold pieces at shops.

Inventory:

Hand Weapons
 h - a +5 vorpal short sword (weapon)
Missiles
 c - 7 curare-tipped darts
 g - 16 poisoned darts
 i - 238 arrows
Armour
 a - a +0 robe (worn)
 b - a +2 pair of boots (worn)
 j - a +2 pair of gloves (worn)
 w - a +1 hat (worn)
 F - a +2 cloak of poison resistance (worn)
Jewellery
 d - an uncursed amulet of magic regeneration
 l - an uncursed ring of protection from cold
 p - a ring of magical power (right hand)
 s - a +6 ring of intelligence (left hand)
 x - an uncursed amulet of regeneration
 C - an amulet of faith (around neck)
 H - an uncursed ring of protection from fire
 O - an uncursed ring of see invisible
Wands
 z - a wand of flame (21)
 G - a wand of iceblast (26)
 I - a wand of polymorph (18)
 K - a wand of disintegration (14)
 N - a wand of digging (3)
Scrolls
 e - 3 scrolls of remove curse
 k - 3 scrolls of identify
 n - 11 scrolls of teleportation
 o - 3 scrolls of fear
 y - 4 scrolls of amnesia
 A - 3 scrolls of magic mapping
Potions
 f - 5 potions of flight
 q - 2 potions of haste
 r - 2 potions of might
 t - 2 potions of curing
 u - 2 potions of brilliance
 v - 2 potions of resistance
 B - a potion of magic
 J - 2 potions of berserk rage
Miscellaneous
 m - a phantom mirror


   Skills:
 - Level 0.1 Fighting
 + Level 0.1 Short Blades
 - Level 3.0 Dodging
 - Level 3.1 Stealth
 + Level 13.4 Spellcasting
 * Level 8.4 Conjurations
 - Level 5.3 Hexes
 * Level 6.9 Translocations
 + Level 10.2 Air Magic
 * Level 6.7 Invocations
 * Level 6.5 Evocations


You had 14 spell levels left.
You knew the following spells:

 Your Spells              Type           Power        Failure   Level
a - Shock                 Conj/Air       ####         1%          1
b - Swiftness             Air            ######..     1%          2
c - Gell's Gravitas       Tloc           ######....   1%          3
d - Airstrike             Air            ######....   1%          4
e - Lightning Bolt        Conj/Air       ######....   1%          5
f - Iskenderun's Mystic   Conj/Tloc      ######..     1%          4
g - Blink                 Tloc           N/A          1%          2
h - Slow                  Hex            ######..     1%          2

Your spell library contained the following spells:

 Spells                   Type           Power        Failure   Level
 Magic Dart               Conj           ####         1%          1
 Searing Ray              Conj           ######       1%          2
 Confusing Touch          Hex            ######..     1%          3
 Conjure Flame            Conj/Fire      #####...     1%          3
 Dazzling Flash           Conj/Hex       ######       1%          3
 Mephitic Cloud           Conj/Pois/Air  ######..     1%          3
 Static Discharge         Conj/Air       ######..     1%          3
 Fulminant Prism          Conj/Hex       ######....   1%          4
 Call Imp                 Summ           ###.....     3%          2
 Metabolic Englaciation   Hex/Ice        #####.....   21%         5
 Yara's Violent Unravell  Hex/Tmut       #####.....   21%         5
 Petrify                  Tmut/Erth      ###.....     22%         4


Dungeon Overview and Level Annotations

Branches:
Dungeon (11/15)            Temple (1/1) D:5            Lair (2/6) D:8
    Orc (0/2) D:10          Sewer (visited)
  Swamp: Lair:2-4    Shoals: Lair:2-4     Snake: Lair:2-4    Spider: Lair:2-4

Altars:
Ashenzari
Cheibriados
Dithmenos
Elyvilon
Fedhas
Gozag
Hepliaklqana
Kikubaaqudgha
Makhleb
Nemelex Xobeh
Okawaru
Qazlal
Ru
Sif Muna
Trog
Uskayaw
Vehumet
Wu Jian
Xom
Yredelemnul
Zin
The Shining One

Shops:
D:6 *   D:8 =   D:10 *


Message History

You are engulfed in a cloud of scalding steam.
The steam dragon breathes steam at you. The ball of steam hits you!
* * * LOW HITPOINT WARNING * * *
You hear an angry hiss.
You hear a loud, deep croak!
You see here 5 javelins.
As you read the scroll of fog, it crumbles to dust.
The scroll dissolves into smoke.
The rime drake breathes ice at you. The flash freeze misses you.
Really walk into that cloud of steam?
Okay, then.
Really walk into that cloud of steam?
Okay, then.
You feel better. The steam dragon breathes steam at you.
The ball of steam hits the plant!!
The plant begins to die.
The ball of steam hits the steam dragon!
The steam dragon resists.
The ball of steam hits you!!
You die...

#.....#
##.....#
##.....#
#.<..P#
##....##
##§...##
####....##
#P§§...P#
##P@§...##
#§Dk§§### ≈
####§P§§#.#
...
#.#kD§.####
.k.k.##....##
.†.[k.k...#.#
....[....####
...k....##
.........


You could see a rime drake (catching breath) and a steam dragon (catching
breath).

Vanquished Creatures
  3 hydras (Lair:1)
  2 two-headed ogres
  Sonja (Lair:1)
  An unseen horror (D:10)
  Pikel (D:7)
  A deep elf mage (D:7)
  An elephant (D:8)
  Joseph (D:7)
  3 cane toads (Lair:1)
  3 komodo dragons (Lair:1)
  4 rime drakes
  17 yaks
  Grum (D:9)
  2 wyverns
  2 basilisks (D:8)
  3 steam dragons (Lair:2)
  An acid dragon (Lair:2)
  6 water moccasins
  An orc warrior (D:8)
  2 sky beasts
  A necrophage (D:10)
  An ice beast (D:6)
  3 wolves (D:9)
  6 ogres
  A phantom (D:6)
  A centaur (D:9)
  10 bullfrogs
  A gnoll sergeant (D:11)
  5 killer bees (D:9)
  6 wights
  A howler monkey (D:5)
  4 bullfrog zombies
  A centaur zombie (D:7)
  5 orc priests
  A bullfrog skeleton (D:6)
  A centaur skeleton (D:5)
  3 hounds
  2 jellies
  An iguana (D:9)
  4 orc wizards
  12 worker ants
  A hound zombie (D:6)
  A worker ant zombie (D:5)
  13 adders
  A howler monkey skeleton (D:8)
  9 gnolls
  A shadow imp (D:10)
  5 white imps
  2 ufetubi (D:8)
  4 oozes
  An adder zombie (D:6)
  2 adder skeletons
  10 worms
  A dart slug (D:1)
  6 leopard geckos
  24 orcs
  4 giant cockroaches
  14 goblins
  12 hobgoblins
  8 jackals
  2 quokkas
  4 ball pythons
  15 bats
  9 frilled lizards
  13 kobolds
  A leopard gecko skeleton (D:8)
  A leopard gecko zombie (D:6)
  A quokka skeleton (D:4)
  11 rats
302 creatures vanquished.

Vanquished Creatures (others)
  3 fungi
  38 plants
41 creatures vanquished.

Grand Total: 343 creatures vanquished

Notes
Turn   | Place    | Note
-------+----------+-------------------------------------------
     0 | D:1      | jiml777 the Deep Elf Air Elementalist began the quest for
                  | the Orb.
     0 | D:1      | Reached XP level 1. HP: 10/10 MP: 6/6
   199 | D:1      | Reached XP level 2. HP: 15/15 MP: 6/8
   676 | D:1      | Reached XP level 3. HP: 19/19 MP: 8/10
  1224 | D:2      | Learned a level 2 spell: Swiftness
  1323 | D:2      | Reached skill level 4 in Spellcasting
  1339 | D:2      | Reached XP level 4. HP: 24/24 MP: 6/12
  2021 | D:2      | Learned a level 3 spell: Static Discharge
  2026 | D:2      | Learned a level 4 spell: Airstrike
  2418 | D:3      | Reached XP level 5. HP: 28/28 MP: 7/13
  3230 | D:4      | Noticed an ogre
  3232 | D:4      | Killed an ogre
  3233 | D:4      | Reached skill level 5 in Spellcasting
  3233 | D:4      | Reached XP level 6. HP: 32/32 MP: 6/16
  3395 | D:4      | Found a glowing drain.
  3437 | Sewer    | Entered a sewer
  4171 | D:4      | Learned a level 5 spell: Lightning Bolt
  4214 | D:4      | Reached skill level 6 in Spellcasting
  4254 | D:4      | Reached skill level 5 in Air Magic
  4719 | D:5      | Entered Level 5 of the Dungeon
  4768 | D:5      | Found a staircase to the Ecumenical Temple.
  4776 | Temple   | Entered the Ecumenical Temple
  4910 | Temple   | Became a worshipper of Sif Muna the Loreminder
  5019 | D:5      | Reached XP level 7. HP: 36/36 MP: 11/19
  5076 | D:5      | Learned a level 4 spell: Iskenderun's Mystic Blast
  5215 | D:5      | Learned a level 3 spell: Gell's Gravitas
  5242 | D:5      | Reached skill level 7 in Spellcasting
  5598 | D:6      | Reached skill level 1 in Translocations
  5824 | D:6      | Reached skill level 8 in Spellcasting
  5824 | D:6      | Reached skill level 1 in Invocations
  5824 | D:6      | Reached skill level 1 in Evocations
  5824 | D:6      | Reached XP level 8. HP: 41/41 MP: 13/22
  5945 | D:6      | Reached * piety under Sif Muna
  6396 | D:6      | Found Weerarubo's Assorted Antiques.
  6404 | D:6      | Bought a glowing cloak for 217 gold pieces
  6548 | D:7      | Noticed Joseph
  6574 | D:7      | Killed Joseph
  6575 | D:7      | Reached skill level 5 in Conjurations
  6724 | D:7      | Got a brightly glowing chain mail
  6734 | D:7      | Identified the cursed +0 chain mail "Epse" {Str+3} (You
                  | found it on level 7 of the Dungeon)
  6867 | D:7      | Noticed Pikel
  6871 | D:7      | Killed Pikel
  6872 | D:7      | Reached skill level 9 in Spellcasting
  6872 | D:7      | Reached XP level 9. HP: 45/45 MP: 6/24
  7165 | D:7      | Learned a level 2 spell: Blink
  7168 | D:7      | Learned a level 2 spell: Slow
  7296 | D:7      | Found a glowing golden altar of the Shining One.
  7828 | D:7      | Found a white marble altar of Elyvilon.
  7829 | D:7      | Noticed a deep elf mage
  7831 | D:7      | Killed a deep elf mage
  7832 | D:7      | Reached skill level 1 in Hexes
  7968 | D:7      | Reached skill level 10 in Spellcasting
  8311 | D:8      | You fall into a shaft and drop 3 floors!
  8329 | D:11     | Noticed a two-headed ogre
  8339 | D:11     | Killed a two-headed ogre
  8486 | D:11     | Found a stormy altar of Qazlal.
  8506 | D:11     | Reached ** piety under Sif Muna
  8512 | D:11     | Reached XP level 10. HP: 50/50 MP: 9/26
  8659 | D:10     | Entered Level 10 of the Dungeon
  8760 | D:10     | Noticed a two-headed ogre
  8764 | D:10     | Killed a two-headed ogre
  9008 | D:8      | Found Ylo Giv's Jewellery Emporium.
  9200 | D:8      | Reached skill level 11 in Spellcasting
  9400 | D:8      | Noticed an elephant
  9564 | D:8      | Found a staircase to the Lair.
  9581 | D:8      | Killed an elephant
  9582 | D:8      | Reached skill level 5 in Translocations
  9919 | D:8      | Reached *** piety under Sif Muna
 10397 | D:9      | Noticed Grum
 10399 | D:9      | Reached skill level 5 in Invocations
 10401 | D:9      | Killed Grum
 10963 | D:10     | You fall into a shaft and drop 1 floor!
 11203 | D:10     | Reached skill level 5 in Hexes
 11211 | D:10     | Reached skill level 5 in Evocations
 11211 | D:10     | Reached XP level 11. HP: 31/54 MP: 1/28
 11440 | D:10     | Found a staircase to the Orcish Mines.
 11507 | D:10     | Reached **** piety under Sif Muna
 11583 | D:10     | Killed an unseen horror
 11737 | D:10     | Found Jamnuit's Changing Room.
 12175 | Lair:1   | Entered Level 1 of the Lair of Beasts
 12185 | Lair:1   | Noticed Sonja
 12187 | Lair:1   | Killed Sonja
 12201 | Lair:1   | Noticed a six-headed hydra
 12203 | Lair:1   | Reached skill level 12 in Spellcasting
 12360 | Lair:1   | HP: 2/54 [six-headed hydra (7)]
 12388 | Lair:1   | Killed a six-headed hydra
 12392 | Lair:1   | HP: 2/54 [cane toad (5)]
 12778 | Lair:1   | Noticed a four-headed hydra
 12783 | Lair:1   | Killed a four-headed hydra
 13183 | Lair:1   | Noticed an eight-headed hydra
 13189 | Lair:1   | Killed an eight-headed hydra
 13527 | Lair:1   | Reached skill level 13 in Spellcasting
 13582 | Lair:1   | Reached skill level 10 in Air Magic
 13815 | Lair:1   | Reached XP level 12. HP: 59/59 MP: 24/31
 14132 | Lair:2   | Killed from afar by a steam dragon

Illustrated notes

Levels and vault maps discovered:
D:1:      minmay_arrival_plants_in_alcoves, layout_loops_ring,
          minmay_split_cup_small
D:2:      layout_loops_ring
D:3:      layout_loops_ring, minmay_starry_boxes
D:4:      layout_loops_ring, cheibrodos_sewer_entry_drain
D:5:      layout_rooms, minmay_temple_entry_mini_moons
D:6:      layout_cave_pools, serial_shops, shop
D:7:      layout_basic, nicolae_tso_swordbearing_angel,
          david_defended_altar_elf, uniq_pikel, uniq_joseph
D:8:      layout_rooms, david_lair_generic, serial_shops, shop,
          serial_bayou_lagoon_a
D:9:      layout_rooms, uniq_grum
D:10:     layout_cave_pods, orc_0_dummy, nicolae_transmutations_shop
D:11:     gammafunk_corrupted_shrine, layout_long_grid, grunt_qazlal_clouds,
          uniq_psyche
Temple:   minmay_crystal_snake_temple
Lair:1:   layout_hall_layers, grunt_megastairs_1, uniq_sonja
Lair:2:   layout_concentric_octagons, bobbens_dragon_lair_wall,
          wad_woods_river_01

Skill      XL: |  1  2  3  4  5  6  7  8  9 10 11 |
---------------+----------------------------------+-----
Conjurations   | 2 3 4 5 6 7 8 |  8.4
Spellcasting   | 4 5 6 8 9 10 11 13 | 13.4
Air Magic      | 4 5 6 7 9 10 | 10.2
Stealth        | 3 |  3.1
Translocations | 1 3 4 5 6 |  6.9
Invocations    | 1 3 4 5 6 |  6.7
Evocations     | 1 2 3 5 6 |  6.5
Hexes          | 3 5 |  5.3
Dodging        | 3 |  3.0
Fighting       | |  0.1
Short Blades   | |  0.1

Action                   |  1- 3 |  4- 6 |  7- 9 | 10-12 || total
-------------------------+-------+-------+-------+-------++-------
Melee: Short sword       |       |    15 |     6 |     1 ||    22
 Cast: Shock             |    81 |   135 |    34 |     7 ||   257
       Airstrike         |       |    17 |    92 |   178 ||   287
       Lightning Bolt    |       |       |     2 |    27 ||    29
       Slow              |       |       |       |     2 ||     2
       Swiftness         |       |       |       |     2 ||     2
       Blink             |       |       |       |     1 ||     1
Invok: Channel Magic     |       |       |       |     3 ||     3
Evoke: Wand              |       |       |     3 |       ||     3
  Use: Scroll            |     5 |    17 |     5 |     5 ||    32
       Potion            |       |     3 |     1 |     3 ||     7
 Stab: Distracted        |       |     1 |       |       ||     1
Armor: Robe              |     3 |    12 |    14 |    18 ||    47
       Skin              |       |     8 |       |       ||     8
Dodge: Dodged            |    12 |    37 |    35 |    21 ||   105

Table legend: (Time is in decaauts)
 A = Elapsed time spent in this place.
 B = Non-inter-level travel time spent in this place.
 C = Inter-level travel time spent in this place.
 D = Time resting spent in this place.
 E = Time spent auto-exploring this place.
 F = Levels seen in this place.
 G = Mean time per level.
                   A        B        C        D        E       F      G
               +--------+--------+--------+--------+--------+-----+--------+
         Total |  14234 |  13714 |    520 |   6115 |   4845 |  15 |  948.9 |
       Dungeon |  11701 |  11252 |    449 |   5130 |   4114 |  11 | 1063.7 |
        Temple |    203 |    163 |     40 |      0 |    148 |   1 |  203.0 |
          Lair |   1588 |   1558 |     30 |    717 |    490 |   2 |  794.0 |
         Sewer |    741 |    741 |      0 |    268 |     92 |   1 |  741.0 |
               +--------+--------+--------+--------+--------+-----+--------+

Top non-repeatable levels by time:
     D:8: 1739 daAuts
     D:7: 1603 daAuts
  Lair:1: 1549 daAuts
    D:10: 1213 daAuts
     D:3: 1106 daAuts
     D:1: 1100 daAuts
     D:2: 1019 daAuts
     D:9: 985 daAuts
     D:6: 974 daAuts
     D:4: 845 daAuts
   Sewer: 741 daAuts
     D:5: 725 daAuts
    D:11: 386 daAuts
  Temple: 203 daAuts
  Lair:2: 38 daAuts
